 Dungeon Crawl Stone Soup version 0.28-a0-1565-g95a8017c83 (webtiles) character file.

Game seed: 1243271839073961924

86 wilfster70 the Skirmisher (level 4, 0/37 HPs)
             Began as a Demonspawn Berserker on Jan 19, 2022.
             Was a Follower of Trog.
             Succumbed to an adder's poison
             ... on level 3 of the Dungeon.
             The game lasted 00:04:06 (2020 turns).

wilfster70 the Skirmisher (Demonspawn Berserker)    Turns: 2020, Time: 00:04:06

Health: 0/37       AC:  5    Str: 20    XL:     4   Next: 26%
Magic:  4/4        EV: 13    Int:  8    God:    Trog [*.....]
Gold:   90         SH:  4    Dex: 12    Spells: 3/3 levels left

rFire   . . .      SeeInvis .   a - +0 spear
rCold   . . .      Faith    .   (no shield)
rNeg    . . .      Spirit   .   h - +0 ring mail
rPois   .          Reflect  .   (no helmet)
rElec   .          Harm     .   (no cloak)
rCorr   .          Rampage  .   (no gloves)
Will    .....                   (no boots)
Stlth   +.........              (no amulet)
HPRegen 0.12/turn               (no ring)
MPRegen 0.09/turn               (no ring)

@: lethally poisoned (0 -> -5), on berserk cooldown, flying
A: repulsion field 1, condensation shield, demonic touch 1
a: Renounce Religion, Berserk


You were on level 3 of the Dungeon.
You worshipped Trog.
Trog was aware of your devotion.
You visited 1 branch of the dungeon, and saw 3 of its levels.

You collected 90 gold pieces.

Inventory:

Hand Weapons
 a - a +0 spear (weapon)
 f - a +0 hunting sling
Missiles
 i - 52 stones (quivered)
Armour
 h - a +0 ring mail (worn)
Jewellery
 e - an amulet of faith
Scrolls
 b - a scroll of silence {unknown}
 d - a scroll of identify {unknown}
Potions
 c - a potion of magic {unknown}
 g - a potion of flight


   Skills:
 + Level 3.8 Fighting
 + Level 3.4 Polearms
 + Level 2.8 Armour
 - Level 1.7 Dodging


You had 3 spell levels left.
You didn't know any spells.
Your spell library contained the following spells:

 Spells                   Type           Power      Damage    Failure   Level
 Slow                     Hex            0%         N/A       58%         1
 Summon Small Mammal      Summ           0%         N/A       58%         1
 Call Canine Familiar     Summ           0%         N/A       91%         3
 Confusing Touch          Hex            0%         N/A       91%         3
 Summon Guardian Golem    Hex/Summ       0%         N/A       91%         3
 Vampiric Draining        Necr           0%         2d6       91%         3


Dungeon Overview and Level Annotations

Branches:
Dungeon (3/15)

Altars:
Gozag


Innate Abilities, Weirdness & Mutations

You are surrounded by a mild repulsion field. (EV +2)
A meltable shield of frost defends you. (SH +4)
Your touch may inflict minor irresistible damage on your foes.


Message History

An adder is nearby!
The adder hisses angrily.
The adder bites you.
You are poisoned.
The adder poisons you!
You feel very sick. You block the adder's attack.
You feel sick. The adder completely misses you.
You hit the adder.
The adder is moderately wounded.
You feel sick. You block the adder's attack. The adder barely misses you.
You hit the adder but do no damage.
The adder is moderately wounded.
You feel sick. The adder barely misses you. The adder bites you.
* * * LOW HITPOINT WARNING * * *
You are more poisoned.
The adder poisons you!
You hit the adder.
The adder is almost dead.
You feel yourself speed up.
* * * LOW HITPOINT WARNING * * *
You feel sick. The adder closely misses you. You block the adder's attack.
You miss the adder.
The adder is almost dead.
* * * LOW HITPOINT WARNING * * *
You feel sick. The adder closely misses you.
You miss the adder.
The adder is almost dead.
The adder bites you.
* * * LOW HITPOINT WARNING * * *
You are more poisoned.
The adder poisons you!
You barely miss the adder. Your touch misses the adder.
The adder is almost dead.
* * * LOW HITPOINT WARNING * * *
You feel sick. The adder closely misses you.
It was a potion of flight.
You feel very buoyant.
You fly up into the air.
You die...

#### #.!.
#...
#...#########
#.(.#........
#.....#####
+..)†..S@.#
####.####.#
##.....##.#
#.8...8.#.#
..#.......#.#
#....._.....#
###.......#<#
#.8...8.#.#
##.....####


You could see an adder.

Vanquished Creatures
  Ijyb (D:3)
  3 adders (D:2)
  A dart slug (D:1)
  5 endoplasms
  A giant cockroach (D:2)
  6 goblins
  2 hobgoblins
  2 ball pythons (D:1)
  3 bats (D:1)
  A frilled lizard (D:2)
  2 kobolds (D:1)
  4 rats
31 creatures vanquished.

Notes
Turn   | Place    | Note
-------+----------+-------------------------------------------
     0 | D:1      | wilfster70 the Demonspawn Berserker began the quest for the
                  | Orb.
     0 | D:1      | Reached XP level 1. HP: 18/18 MP: 1/1
   122 | D:1      | Found a faded altar of an unknown god.
   345 | D:1      | Gained mutation: Your touch may inflict minor irresistible
                  | damage on your foes. [demonic ancestry]
   345 | D:1      | Reached XP level 2. HP: 24/24 MP: 2/2
  1090 | D:2      | Gained mutation: You are surrounded by a mild repulsion
                  | field. (EV +2) [demonic ancestry]
  1090 | D:2      | Reached XP level 3. HP: 29/29 MP: 3/3
  1966 | D:3      | Found an opulent altar of Gozag.
  1976 | D:3      | Noticed Ijyb
  1986 | D:3      | Killed Ijyb
  1987 | D:3      | Gained mutation: A meltable shield of frost defends you.
                  | (SH +4) [demonic ancestry]
  1987 | D:3      | Reached XP level 4. HP: 32/37 MP: 4/4
  2019 | D:3      | HP: 1/37 [poisoned by an adder]
  2020 | D:3      | Succumbed to an adder's poison

Illustrated notes

Levels and vault maps discovered:
D:1:      minmay_arrival_glassed_features, layout_basic,
          chequers_ecumenical_altar_island
D:2:      layout_basic
D:3:      kennysheep_big_flooded_room, layout_basic, grunt_gozag_statues,
          uniq_ijyb, uniq_crazy_yiuf_cottage

Skill      XL: |  1  2 |
---------------+-------+-----
Armour         | 2 |  2.8
Polearms       | 3 |  3.4
Fighting       | |  3.8
Dodging        | |  1.7

Action                   |  1- 3 |  4- 6 || total
-------------------------+-------+-------++-------
Melee: Spear             |    97 |     7 ||   104
       Touch             |     6 |     1 ||     7
       Punch             |     2 |       ||     2
Invok: Berserk           |     6 |       ||     6
  Use: Scroll            |     1 |       ||     1
       Potion            |       |     1 ||     1
Armor: Animal skin       |     9 |       ||     9
       Leather armour    |     8 |       ||     8
       Ring mail         |     8 |       ||     8
Dodge: Dodged            |    55 |     6 ||    61
Block: Other             |       |     3 ||     3

Table legend: (Time is in decaauts)
 A = Elapsed time spent in this place.
 B = Non-inter-level travel time spent in this place.
 C = Inter-level travel time spent in this place.
 D = Time resting spent in this place.
 E = Time spent auto-exploring this place.
 F = Levels seen in this place.
 G = Mean time per level.
                   A        B        C        D        E       F      G
               +--------+--------+--------+--------+--------+-----+--------+
         Total |   2090 |   1984 |    106 |    518 |    958 |   3 |  696.7 |
       Dungeon |   2090 |   1984 |    106 |    518 |    958 |   3 |  696.7 |
               +--------+--------+--------+--------+--------+-----+--------+

Top non-repeatable levels by time:
     D:1: 1204 daAuts
     D:2: 822 daAuts
     D:3: 63 daAuts
